 Dungeon Crawl Stone Soup version 0.19-a0-1827-g174f941 (webtiles) character file.

274 dobroeutro the Cudgeler (level 6, -2/39 HPs)
             Began as a Gargoyle Fighter on Oct 7, 2016.
             Was a Follower of the Shining One.
             Killed from afar by an orc wizard (3 damage)
             ... with a magic dart
             ... on level 3 of the Dungeon.
             The game lasted 00:02:39 (2478 turns).

dobroeutro the Cudgeler (Gargoyle Fighter)          Turns: 2478, Time: 00:02:41

Health: -2/39      AC: 11    Str: 21    XL:     6   Next: 24%
Magic:  6/6        EV:  7    Int:  8    God:    the Shining One [*.....]
Gold:   184        SH:  9    Dex: 10    Spells: 0 memorised, 5 levels left

rFire  . . .     SeeInvis .     a - +0 flail
rCold  . . .     Gourm    .     g - +0 scale mail (curse)
rNeg   + . .     Faith    .     c - +0 shield
rPois  ∞         Spirit   .     (no helmet)
rElec  +         Dismiss  .     (no cloak)
rCorr  .         Reflect  .     (no gloves)
MR     .....     Harm     .     (no boots)
Stlth  ..........               (no amulet)
                                (no ring)
                                (no ring)

@: slowed, glowing, very slow
A: negative energy resistance 1, electricity resistance, unbreathing,
petrification resistance, rot immunity, AC +4
a: Renounce Religion


You were on level 3 of the Dungeon.
You worshipped the Shining One.
The Shining One was aware of your devotion.
You were near starving.

You visited 1 branch of the dungeon, and saw 3 of its levels.

You collected 184 gold pieces.

Inventory:

Hand Weapons
 a - a +0 flail (weapon)
Armour
 b - a +0 scale mail
 c - a +0 shield (worn)
 g - a cursed +0 scale mail (worn)
Scrolls
 h - a scroll of amnesia {unknown}
 i - 5 scrolls of identify {unknown}
 j - a scroll of teleportation {unknown}
 r - a scroll of fog {unknown}
 t - a scroll of remove curse {unknown}
 u - a scroll of noise {unknown}
Potions
 d - 2 potions of might
 e - 2 potions of brilliance {unknown}
 l - a potion of haste {unknown}
 m - 2 potions of curing {unknown}
 n - a potion of invisibility {unknown}
 o - 3 potions of heal wounds {unknown}
 p - a potion of resistance {unknown}
Comestibles
 f - 3 bread rations
 k - 3 meat rations
 q - a slice of pizza
 s - a beef jerky


   Skills:
 + Level 4.4 Fighting
 * Level 5.0 Maces & Flails
 + Level 4.5 Armour
 - Level 3.2 Shields


You had 5 spell levels left.
You didn't know any spells.

Dungeon Overview and Level Annotations

Branches:
Dungeon (3/15)

Altars:
Elyvilon
Gozag
Okawaru
The Shining One


Innate Abilities, Weirdness & Mutations

You are resistant to torment.
Your stone body is resilient. (AC +4)
You are immune to poison.
You resist negative energy. (rN+)
You are resistant to electric shocks. (rElec)
You can survive without breathing.
You are immune to petrification.
You are immune to rotting.


Message History

The orc wizard blinks!
The orc wizard casts a spell.
The orc wizard gestures wildly while chanting.
The orc wizard hits you with a dagger.
* * * LOW HITPOINT WARNING * * *
You sock the orc wizard!
The orc wizard is almost dead.
The orc wizard casts a spell at you. The magic dart hits you!
* * * LOW HITPOINT WARNING * * *
The orc wizard gestures at you while chanting.
The magic dart hits you! The Shining One protects you from harm!
Your shield prevents you from hitting the orc wizard.
The orc wizard is almost dead.
You block the orc wizard's attack.
The orc wizard mumbles some strange words.
The orc wizard points at you and mumbles some strange words.
The magic dart hits you!
You die...

############### #.............#
### #..... #.#...........###.# ##
#.....##.#...........#...# #.
#.....##.#...........#.#.# ##
#.....##.#...........#.#.# #
##.....##.#...).@o....#.#.#######
.......##.#....)†.....#'#........
.................................
.>..............#.####....####...
+##....##.........# #....##.'...
#....##.#####.### ##..###.#...
#....##.# #.## #..###.#...
#....##.# #..# #..........
#....##.# ##.## #...##.#...


You could see an orc wizard.

Vanquished Creatures
  2 orc wizards (D:3)
  3 orc priests
  A gnoll (D:1)
  5 adders (D:2)
  A shadow imp (D:3)
  2 worms
  3 leopard geckos
  3 orcs (D:3)
  10 bats
  2 giant cockroaches (D:2)
  5 goblins
  4 hobgoblins
  2 quokkas
  2 ball pythons
  4 frilled lizards (D:2)
  8 kobolds
  10 rats
67 creatures vanquished.

Notes
Turn   | Place    | Note
-------+----------+-------------------------------------------
     0 | D:1      | dobroeutro the Gargoyle Fighter began the quest for the Orb.
     0 | D:1      | Reached XP level 1. HP: 14/14 MP: 1/1
   194 | D:1      | Reached XP level 2. HP: 19/19 MP: 2/2
   490 | D:1      | Reached XP level 3. HP: 17/23 MP: 3/3
   692 | D:1      | Reached skill level 3 in Maces & Flails
  1113 | D:2      | Found a white marble altar of Elyvilon.
  1122 | D:2      | Reached XP level 4. HP: 25/28 MP: 4/4
  1130 | D:2      | Found a glowing golden altar of the Shining One.
  1152 | D:2      | Became a worshipper of the Shining One
  1220 | D:2      | Found an opulent altar of Gozag.
  1676 | D:2      | Reached skill level 4 in Maces & Flails
  1676 | D:2      | Reached XP level 5. HP: 2/33 MP: 5/5
  2149 | D:3      | Reached * piety under the Shining One
  2175 | D:3      | Found an iron altar of Okawaru.
  2331 | D:3      | Found a faded altar of an unknown god.
  2470 | D:3      | Reached XP level 6. HP: 9/39 MP: 6/6
  2474 | D:3      | Reached skill level 5 in Maces & Flails
  2477 | D:3      | HP: 1/39 [orc wizard/magic dart (7)]
  2477 | D:3      | The Shining One protects you from harm!
  2478 | D:3      | Killed from afar by an orc wizard

Vault maps used:
D:1:      shiori_arrival_oz
D:2:      overflow_temple_1_default, grunt_temple_overflow_open, first_bread,
          minivault_27
D:3:      ecumenical_altar_2, okawaru_metal_pillars_1_2

Skill      XL: |  1  2  3  4  5  6 |
---------------+-------------------+-----
Maces & Flails | 3 4 5 |  5.0
Armour         | 4 |  4.5
Fighting       | 4 |  4.4
Shields        | |  3.2

Action                   |  1- 3 |  4- 6 || total
-------------------------+-------+-------++-------
Melee: Flail             |   136 |   146 ||   282
  Eat: Chunk             |     1 |     3 ||     4
Armor: Scale mail        |    86 |    70 ||   156
Dodge: Dodged            |    48 |    29 ||    77
Block: Shield            |    87 |    67 ||   154
